 Dungeon Crawl Stone Soup version 0.21.0-24-g2553a33 (webtiles) character file.

249391 magipi the Impaler (level 19, -4/143 HPs)
             Began as a Merfolk Ice Elementalist on Jan 19, 2018.
             Was the Champion of Fedhas.
             Shot with an arrow by a deep elf master archer (24 damage)
             ... on level 3 of the Elven Halls on Jan 20, 2018.
             The game lasted 05:03:16 (55580 turns).

magipi the Impaler (Merfolk Ice Elementalist)      Turns: 55580, Time: 05:03:17

Health: -4/143     AC: 24    Str:  9    XL:     19   Next: 59%
Magic:  27/31      EV: 20    Int: 23    God:    Fedhas [******]
Gold:   1518       SH:  0    Dex: 14    Spells: 12/34 levels left

rFire    + . .     SeeInvis +   a - +8 bardiche of Axzaocso {elec, rC+}
rCold    + . .     Gourm    .   (shield currently unavailable)
rNeg     . . .     Faith    .   Z - +2 robe {MR+}
rPois    +         Spirit   .   I - +2 helmet {SInv}
rElec    .         Reflect  .   R - +2 cloak {+Inv}
rCorr    +         Harm     .   Y - +2 pair of gloves {archery}
MR       +++..                  w - +1 pair of boots
Stlth    +++.......             r - amulet of regeneration
HPRegen  0.73/turn              m - ring of protection from magic
MPRegen  0.22/turn              p - ring "Xick" {rCorr rPois rF+ Int+4 Dex-3 Stlth+}

@: icy armour, slightly contaminated, drained, invisible, slow
A: change form in water, swift swim, stealthy swim
}: 2/15 runes: decaying, serpentine
a: Fungal Bloom, Evolution, Sunlight, Growth, Reproduction, Rain, Renounce
Religion


You were on level 3 of the Elven Halls.
You worshipped Fedhas.
Fedhas was exalted by your worship.
You were not hungry.

You visited 7 branches of the dungeon, and saw 35 of its levels.

You collected 3894 gold pieces.
You spent 2376 gold pieces at shops.

Inventory:

Hand Weapons
 a - the +8 bardiche of Axzaocso (weapon) {elec, rC+}
   (You acquired it on level 11 of the Dungeon)

   Occasionally, upon striking a foe, it will discharge some electrical energy
   and cause terrible harm.
   It protects you from cold.
 b - a +4 trident of venom
   (You took it off Vashnia on level 3 of the Snake Pit)
 o - a +6 glaive
   (You took it off an orc warrior on level 12 of the Dungeon)
Armour
 w - a +1 pair of boots (worn)
   (You found it on level 3 of the Elven Halls)
 I - a +2 helmet of see invisible (worn)
   (You found it on level 6 of the Dungeon)
 M - the +1 robe of the Hidden Yaks {MR+ Str+3 Dex+7}
   (You took it off a deep elf mage on level 3 of the Elven Halls)

   It affects your strength (+3).
   It affects your dexterity (+7).
   It affects your resistance to hostile enchantments.
 R - a +2 cloak of invisibility (worn)
   (You took it off Nikola on level 1 of the Snake Pit)
 T - a +0 leather armour of fire resistance
   (You took it off an orc on level 12 of the Dungeon)
 Y - a +2 pair of gloves of archery (worn)
   (You bought it in a shop on level 2 of the Elven Halls)
 Z - a +2 robe of magic resistance (worn)
   (You bought it in a shop on level 2 of the Elven Halls)
Jewellery
 c - the ring "Gayp" {rC+ SInv}
   (You took it off a deep elf mage on level 3 of the Elven Halls)

   [ring of see invisible]

   It protects you from cold.
   It lets you see invisible.
 m - a ring of protection from magic (left hand)
   (You found it on level 11 of the Dungeon)
 n - an uncursed ring of positive energy
   (You took it off a deep elf elementalist on level 3 of the Elven Halls)
 p - the ring "Xick" (right hand) {rCorr rPois rF+ Int+4 Dex-3 Stlth+}
   (You bought it in a shop on level 2 of the Orcish Mines)

   [ring of resist corrosion]

   It affects your intelligence (+4).
   It affects your dexterity (-3).
   It protects you from fire.
   It protects you from poison.
   It makes you more stealthy.
 r - an amulet of regeneration (around neck)
   (You found it on level 4 of the Snake Pit)
 v - a +5 ring of evasion
   (You found it on level 4 of the Dungeon)
Wands
 d - a wand of digging (23)
   (You found it on level 2 of the Elven Halls)
 B - a wand of flame (55)
   (You found it on level 7 of the Dungeon)
 D - a wand of random effects (26)
   (You found it on level 7 of the Dungeon)
 H - a wand of iceblast (1)
   (You found it on level 9 of the Dungeon)
 N - a wand of acid (17)
   (You found it on level 5 of the Lair of Beasts)
 O - a wand of polymorph (30)
   (You found it on level 6 of the Lair of Beasts)
Scrolls
 j - 7 scrolls of identify
 k - 7 scrolls of fear
 q - 20 scrolls of remove curse
 u - 10 scrolls of amnesia
 y - a scroll of enchant weapon
 A - 9 scrolls of fog
 C - 2 scrolls of blinking
 F - 6 scrolls of magic mapping
 P - 5 scrolls of holy word
 Q - 4 scrolls of vulnerability
 X - 5 scrolls of teleportation
Potions
 e - 13 potions of curing
 f - 4 potions of mutation
 g - 2 potions of invisibility
 h - 5 potions of ambrosia
 i - 3 potions of brilliance
 s - 5 potions of might
 x - 2 potions of heal wounds
 z - 3 potions of cancellation
 G - 5 potions of berserk rage
 J - 3 potions of haste
 K - 5 potions of lignification
 L - a potion of agility
 S - 2 potions of flight
Books
 t - a book of Dreams
   (You found it on level 1 of the Swamp)

   Spells                             Type                      Level
   a - Ensorcelled Hibernation        Hexes/Ice                    2
   b - Borgnjor's Vile Clutch         Necromancy/Earth             5
   c - Silence                        Hexes/Air                    5
   d - Darkness                       Hexes                        6
   e - Shadow Creatures               Summoning                    6
 E - a book of Spatial Translocations
   (You found it on level 1 of the Elven Halls)

   Spells                             Type                      Level
   a - Blink                          Translocation                2
   b - Shroud of Golubria             Charms/Translocation         2
   c - Lesser Beckoning               Translocation                3
   d - Gell's Gravitas                Translocation                3
   e - Teleport Other                 Translocation                3
   f - Passage of Golubria            Translocation                4
 W - a book of Geomancy
   (You found it on level 13 of the Dungeon)

   Spells                             Type                      Level
   a - Sandblast                      Earth                        1
   b - Passwall                       Transmutation/Earth          2
   c - Stone Arrow                    Conjuration/Earth            3
   d - Petrify                        Transmutation/Earth          4
   e - Lee's Rapid Deconstruction     Earth                        5
Miscellaneous
 U - a phial of floods
   (You found it on level 1 of the Lair of Beasts)
Comestibles
 l - 30 rations


   Skills:
 - Level 11.0(10.7) Fighting
 + Level 19.2(18.9) Polearms
 - Level 5.0(4.8) Armour
 + Level 13.1(12.8) Dodging
 - Level 2.1(2.0) Stealth
 - Level 8.0(7.8) Spellcasting
   Level 0.7(0.5) Conjurations
 - Level 6.0(5.7) Charms
 - Level 8.0(7.7) Summonings
 - Level 10.0(9.7) Necromancy
 - Level 4.0(3.7) Translocations
 - Level 8.0(7.7) Ice Magic
 - Level 6.2(6.0) Air Magic
 - Level 10.0(9.7) Earth Magic
 - Level 12.0(11.7) Invocations
 - Level 12.0(11.7) Evocations


You had 12 spell levels left.
You knew the following spells:

 Your Spells              Type           Power        Failure   Level  Hunger
a - Freeze                Ice            ####         1%          1    None
b - Blink                 Tloc           N/A          2%          2    None
c - Borgnjor's Vile Clut  Necr/Erth      ######....   3%          5    #####..
i - Summon Ice Beast      Ice/Summ       #####...     2%          4    ###....
l - Summon Lightning Spi  Summ/Air       #####...     4%          4    ###....
o - Ozocubu's Armour      Chrm/Ice       #####...     1%          3    None
r - Regeneration          Chrm/Necr      #####.....   1%          3    None


Dungeon Overview and Level Annotations

Branches:
Dungeon (15/15)            Temple (1/1) D:5            Lair (6/6) D:8
  Swamp (4/4) Lair:3        Snake (4/4) Lair:2        Slime (0/5) Lair:5
    Orc (2/2) D:10            Elf (3/3) Orc:2        Vaults (0/5) D:13
 Depths (0/5) D:15

Altars:
Ashenzari
Cheibriados
Dithmenos
Elyvilon
Fedhas
Gozag
Hepliaklqana
Kikubaaqudgha
Makhleb
Nemelex Xobeh
Okawaru
Qazlal
Ru
Sif Muna
Trog
Uskayaw
Vehumet
Wu Jian
Xom
Yredelemnul
Zin
The Shining One
Beogh
Jiyva

Shops:
D:8 (   D:11 *   D:14 %   Orc:2 =!?(   Elf:2 ([**%*

Annotations:
D:10 emperor
Elf:2 4 runed doors


Message History

You don't have enough magic to cast that spell.
Casting: Borgnjor's Vile Clutch
Confirm with . or Enter, or press ? or * to list all spells.
Okay, then.
Unknown command.
You are lightly contaminated with residual magic.
Your icy armour starts to melt.
Your icy armour evaporates.
You flicker for a moment.
Items here: ( ))))) [[[
Items here: )) [[ a long sword; a leather armour; a short sword; a chain mail You flicker back into view.
Items here: ))) [ a rapier x2; a leather armour; a rapier You see here a mace of protection.
You see here 2 arrows.
Things that are here:
a rapier x2; a leather armour You see here an arrow.
Casting: Borgnjor's Vile Clutch
Confirm with . or Enter, or press ? or * to list all spells.
Your skin crawls.
You start resting.
Your skin is crawling a little less now.
Your skin stops crawling.
You start resting.
Fedhas appreciates ongoing decay.
You are feeling hungry.
You eat one of the 31 rations.
That ration really hit the spot!
You start resting.
HP restored.
Things that are here:
a rapier x2; a leather armour You see here 2 arrows.
You see here a mace of protection.
Items here: ))) [ a rapier x2; a leather armour; a rapier
Items here: )) [[ a long sword; a leather armour; a short sword; a chain mail
Items here: ( ))))) [[[ The deep elf master archer is too close now for your liking.
Unknown command.
Items here: ( ))))))) ? [[[
Items here: )) [[ a long sword; a leather armour; a short sword; a chain mail
Items here: ))) [ a rapier x2; a leather armour; a rapier You see here a mace of protection.
You see here 2 arrows.
Things that are here:
a rapier x2; a leather armour You see here an arrow.
You start resting.
Magic restored.
You start waiting.
What are your orders? t - Shout!
Orders for allies: a - Attack new target. r - Retreat! s - Stop attacking. g - Guard the area. f - Follow me.
Anything else - Cancel.
You shout for attention!
You hear a shout!
You start waiting.
You fail to use your ability.
The deep elf master archer shoots an arrow.
The arrow misses you.
Unknown command.
Casting: Regeneration
Confirm with . or Enter, or press ? or * to list all spells.
A film of ice covers your body!
The deep elf master archer shoots an arrow.
The arrow hits you!! The arrow freezes you.
The deep elf master archer shoots an arrow.
The arrow hits you!! The arrow freezes you.
You fail to use your ability.
The deep elf master archer shoots an arrow.
The arrow hits you!! The arrow freezes you.
Unknown command.
Unknown command.
You fade into invisibility!
You are lightly contaminated with residual magic.
You feel quite a bit more hungry.
The deep elf master archer shoots an arrow.
The arrow hits you!!
* * * LOW HITPOINT WARNING * * *
The arrow freezes you.
* * * LOW HITPOINT WARNING * * *
The deep elf master archer shoots an arrow.
The arrow hits you but does no damage.
Blink to where?
Press: ? - help, Dir - move target cursor
As you read the scroll of blinking, it crumbles to dust.
Evoke which item? (* to show all) (? for menu, Esc to quit)
Aiming: Dig
Press: ? - help, Shift-Dir - straight line The rock shatters into small pieces.
The deep elf master archer shoots an arrow.
The arrow hits you!!
You die...
Fedhas appreciates your contribution to the ecosystem.

PPP...# #..♣♣
♣♣..###
.P...##
##..♣♣♣...##.#
...)##
##..♣...# #.##
...##
##....### #.##
#.## ##...#(##
##.## ###
#.#..#)##
##.##
#.###.##.##
##.# ##.#
#..##.## ##. #
#@# ##)###.##
## # ##.#
#..###.###. #
#.#
##.####)..#
#.# #).# #.).#
#.# ##.###...#
#####
#.###....#..#
....#
#e#.#.).####
....##
##.##.#.#
.....#
#.#.#(#.#


You could see a deep elf master archer.

Vanquished Creatures
  Vashnia (Snake:3)
  Nikola (Snake:1)
  3 deep elf master archers (Elf:3)
  5 deep elf blademasters (Elf:3)
  4 nagarajas
  2 deep elf sorcerers
  3 deep elf elementalists (Elf:3)
  A deep elf demonologist (Elf:3)
  6 deep elf annihilators
  3 deep elf death magi (Elf:3)
  A deep elf high priest (Elf:3)
  An ice dragon (Swamp:4)
  13 naga warriors
  11 hydras
  2 centaur warriors (D:15)
  5 anacondas
  A catoblepas (Lair:6)
  17 dancing weapons
  6 two-headed ogres
  2 death knights
  11 death yaks
  3 tengu warriors (D:15)
  An alligator (Swamp:2)
  A vampire mage (D:15)
  2 orc high priests (Orc:2)
  7 naga sharpshooters
  3 shock serpents
  9 deep elf knights
  Nergalle (Lair:1)
  6 skeletal warriors
  4 unseen horrors
  3 sea snakes
  A tengu zombie (D:15)
  3 salamander mystics
  2 wizards
  13 deep elf archers
  4 naga ritualists
  9 swamp dragons
  A necromancer (D:15)
  A phantasmal warrior (D:14)
  6 orc knights
  2 manticores
  A wolf spider (Snake:2)
  An orc sorcerer (D:10)
  A cyclops (D:13)
  2 fauns (Snake:1)
  38 deep elf magi
  10 mana vipers
  7 salamanders
  A manticore (shapeshifter) (D:14)
  11 ugly things (D:15)
  A stone giant skeleton (D:15)
  26 black mambas
  2 centaur skeletons
  2 gargoyles
  22 naga magi
  13 spiny frogs
  3 kobold demonologists
  A spriggan skeleton (D:15)
  2 torpor snails
  2 komodo dragons
  5 freezing wraiths
  4 trolls
  A tengu conjurer (D:15)
  3 large abominations (D:9)
  A polar bear (Lair:6)
  5 tyrant leeches
  12 bog bodies
  3 hornets
  9 blink frogs
  3 dream sheep (Lair:5)
  9 hippogriffs
  14 slime creatures
  A deep troll zombie (D:15)
  2 wandering mushrooms
  2 air elementals
  8 redbacks (Snake:3)
  42 yaks
  2 shadows (Swamp:1)
  A centaur simulacrum (D:15)
  A wyvern (D:9)
  4 spriggans
  2 water elementals (Elf:3)
  2 wraiths
  A yak (shapeshifter) (D:15)
  A basilisk (Lair:1)
  A fire elemental (Elf:3)
  A steam dragon (D:12)
  17 vampire mosquitoes
  23 swamp worms
  A warg (Orc:1)
  11 insubstantial wisps
  32 nagas
  2 acid dragons
  4 porcupines
  A meliai simulacrum (D:15)
  8 water moccasins
  3 ice beasts
  13 swamp drakes
  3 small abominations (D:9)
  44 orc warriors
  2 sky beasts
  7 ogres
  16 centaurs
  2 boggarts (Elf:1)
  8 wolves
  15 crocodiles
  A big kobold (D:9)
  5 earth elementals
  18 bullfrogs
  A wyvern zombie (D:11)
  3 scorpions
  6 wights
  16 killer bees
  4 electric eels
  2 howler monkeys
  4 bullfrog zombies
  2 crimson imps
  4 centaur zombies
  4 hounds
  28 orc priests
  26 orc wizards
  6 bullfrog skeletons
  3 iguanas
  3 hound skeletons
  A worker ant zombie (D:4)
  Robin (D:2)
  6 gnolls
  15 adders
  4 shadow imps
  An ooze (D:5)
  An adder zombie (D:4)
  3 adder skeletons (D:4)
  5 dart slugs
  8 leopard geckos
  107 orcs
  7 giant cockroaches
  18 goblins
  7 hobgoblins
  9 jackals
  19 kobolds
  6 quokkas
  9 bats
  4 frilled lizards
  A giant cockroach zombie (D:5)
  A jackal zombie (D:5)
  3 leopard gecko zombies
  A quokka skeleton (D:4)
  6 rats
1058 creatures vanquished.

Vanquished Creatures (collateral kills)
  2 nagarajas (Snake:4)
  Aizul (Swamp:3)
  Harold (Lair:2)
  An ogre mage (Orc:2)
  8 hydras
  5 naga warriors
  3 catoblepae (Lair:6)
  An anaconda (Snake:3)
  3 two-headed ogres
  2 alligators (Swamp:1)
  A tengu warrior (D:12)
  4 orc high priests
  6 naga sharpshooters
  A deep elf knight (Elf:1)
  4 death yaks
  4 spriggans
  A glowing orange brain (Snake:3)
  3 naga ritualists
  A wizard (D:9)
  A deep elf archer (Elf:1)
  A mana viper (Snake:4)
  3 orc sorcerers
  A manticore (Lair:6)
  2 orc knights (Orc:2)
  A deep elf mage (Elf:1)
  A salamander (Snake:2)
  2 large abominations (D:9)
  2 gargoyles
  8 black mambas
  A guardian serpent (Snake:4)
  7 naga magi
  2 spiny frogs
  A kobold demonologist (D:15)
  A guardian mummy (D:15)
  A tengu conjurer (D:13)
  A komodo dragon (Lair:6)
  A troll (D:11)
  The ghost of sagitran the Slasher, an amateur DsGl (D:4)
  3 hornets
  A bog body (Swamp:1)
  Prince Ribbit (D:5)
  2 slime creatures (Swamp:2)
  9 blink frogs
  2 dream sheep (Lair:6)
  A wyvern (D:8)
  4 small abominations (D:9)
  13 yaks
  A hungry ghost (D:9)
  15 nagas
  2 vampire mosquitoes (Swamp:1)
  2 swamp worms (Lair:3)
  2 water moccasins
  A porcupine (D:8)
  12 orc warriors
  3 black bears (D:8)
  3 ogres
  A centaur (D:8)
  2 wolves (Lair:2)
  5 crocodiles
  A gnoll sergeant (D:6)
  A bullfrog (D:9)
  7 killer bees
  A wight (D:7)
  A crimson imp (D:10)
  8 orc priests
  3 jellies
  A quasit (D:9)
  5 orc wizards
  An iguana (D:5)
  A worker ant (D:9)
  A hound skeleton (D:9)
  4 gnolls
  38 orcs
  A quokka (D:5)
  3 toadstools
252 creatures vanquished.

Vanquished Creatures (others)
  A thorn hunter (Swamp:4)
  An alligator (Swamp:2)
  A spriggan druid (Swamp:3)
  2 shambling mangroves
  A deep elf mage (Elf:1)
  A wizard (D:3)
  A spiny frog (Swamp:3)
  A hornet (Swamp:3)
  2 spriggans (Swamp:3)
  3 vampire mosquitoes
  4 swamp worms
  A naga (Snake:1)
  2 necrophages
  A quasit (D:10)
  18 wandering mushrooms
  A bush (Lair:6)
  37 fungi
  19 plants
  952 toadstools
  11 withered plants (D:15)
1060 creatures vanquished.

Grand Total: 2370 creatures vanquished

Notes
Turn   | Place    | Note
-------+----------+-------------------------------------------
     0 | D:1      | magipi the Merfolk Ice Elementalist began the quest for the Orb.
     0 | D:1      | Reached XP level 1. HP: 13/13 MP: 3/3
   211 | D:1      | Reached skill level 1 in Polearms
   211 | D:1      | Reached XP level 2. HP: 15/19 MP: 1/5
   617 | D:1      | Reached skill level 2 in Polearms
   783 | D:1      | Reached XP level 3. HP: 19/24 MP: 6/6
   790 | D:1      | Learned a level 3 spell: Ozocubu's Armour
  1450 | D:2      | Reached skill level 1 in Charms
  1496 | D:2      | Reached skill level 3 in Polearms
  1496 | D:2      | Reached XP level 4. HP: 27/30 MP: 5/7
  2046 | D:2      | Noticed Robin
  2428 | D:2      | Killed Robin
  2428 | D:2      | Reached XP level 5. HP: 28/35 MP: 4/8
  2558 | D:3      | Found a sparkling altar of Nemelex Xobeh.
  2709 | D:3      | Learned a level 4 spell: Summon Ice Beast
  2736 | D:3      | Found a bloodstained altar of Trog.
  2740 | D:3      | Reached skill level 4 in Polearms
  2749 | D:3      | Noticed a wizard
  2753 | D:3      | Killed a wizard
  2781 | D:3      | Found a burning altar of Makhleb.
  4049 | D:3      | Reached skill level 1 in Summonings
  4114 | D:3      | Reached skill level 5 in Ice Magic
  4231 | D:4      | Noticed sagitran's ghost (amateur DsGl)
  4241 | D:3      | Reached XP level 6. HP: 28/41 MP: 2/9
  4802 | D:4      | Killed sagitran's ghost
  4802 | D:4      | Reached XP level 7. HP: 19/46 MP: 1/10
  5324 | D:4      | Found a sacrificial altar of Ru.
  5815 | D:5      | Entered Level 5 of the Dungeon
  5984 | D:5      | Found a staircase to the Ecumenical Temple.
  5991 | Temple   | Entered the Ecumenical Temple
  6238 | Temple   | Became a worshipper of Fedhas Madash
  6398 | D:5      | Reached skill level 5 in Summonings
  6536 | D:5      | Reached XP level 8. HP: 43/52 MP: 4/11
  6908 | D:5      | Noticed Prince Ribbit
  6975 | D:5      | Found an iron altar of Okawaru.
  7194 | D:5      | Found a bloodstained altar of Trog.
  7373 | D:5      | Killed Prince Ribbit
  7839 | D:6      | Found a hide-covered altar of Uskayaw.
  7857 | D:6      | Reached skill level 5 in Charms
  8163 | D:6      | Reached skill level 1 in Fighting
  8182 | D:6      | Reached XP level 9. HP: 49/59 MP: 3/12
  8193 | D:6      | Reached skill level 5 in Polearms
  8475 | D:7      | Found a shattered altar of Ashenzari.
  8885 | D:7      | Reached skill level 6 in Polearms
  9415 | D:7      | Reached skill level 7 in Polearms
  9804 | D:7      | Reached * piety under Fedhas
  9824 | D:7      | Found a stormy altar of Qazlal.
 10173 | D:8      | Reached skill level 8 in Polearms
 10375 | D:8      | Reached skill level 5 in Fighting
 10409 | D:8      | Found Cuddagav's Antique Weapon Shoppe.
 10588 | D:8      | Reached skill level 9 in Polearms
 10821 | D:8      | Reached XP level 10. HP: 77/77 MP: 2/13
 11010 | D:8      | Reached skill level 10 in Polearms
 11065 | D:8      | Found a staircase to the Lair.
 11648 | D:9      | Reached ** piety under Fedhas
 11733 | D:9      | Reached skill level 11 in Polearms
 12546 | D:9      | Noticed a wizard
 12562 | D:9      | Killed a wizard
 12740 | D:9      | Noticed a large abomination
 12861 | D:9      | Killed a large abomination
 12861 | D:9      | Reached skill level 12 in Polearms
 14430 | D:9      | Identified the Almanac of Shifting Confrontation
 14526 | D:10     | Entered Level 10 of the Dungeon
 14526 | D:10     | Noticed an orc sorcerer
 14528 | D:10     | Noticed an orc sorcerer
 14528 | D:10     | Noticed an orc sorcerer
 14562 | D:10     | Reached XP level 11. HP: 89/89 MP: 2/14
 14939 | D:10     | Noticed a wizard
 15080 | D:10     | Killed a wizard
 15080 | D:10     | Reached skill level 13 in Polearms
 15292 | D:10     | Killed an orc sorcerer
 15344 | D:10     | Killed an orc sorcerer
 15344 | D:10     | Reached skill level 10 in Fighting
 15821 | D:10     | Killed an orc sorcerer
 15826 | D:10     | Found a shimmering altar of Xom.
 15887 | D:10     | Reached *** piety under Fedhas
 16008 | D:10     | Reached skill level 14 in Polearms
 17070 | D:10     | Found a staircase to the Orcish Mines.
 17311 | D:11     | Identified a scroll of acquirement
 17314 | D:11     | Got a scorched bardiche
 17315 | D:11     | Identified the +8 bardiche of Axzaocso {elec, rC+} (You acquired it on level 11 of the Dungeon)
 17349 | D:11     | Found Zeoheul's General Store.
 17504 | D:11     | Reached **** piety under Fedhas
 17565 | D:11     | Reached skill level 5 in Dodging
 17713 | Lair:1   | Entered Level 1 of the Lair of Beasts
 18235 | Lair:1   | Reached XP level 12. HP: 100/100 MP: 12/15
 18236 | Lair:1   | Noticed a seven-headed hydra
 18258 | Lair:1   | Reached skill level 15 in Polearms
 18710 | Lair:1   | Noticed Nergalle
 18730 | Lair:1   | Killed Nergalle
 18910 | Lair:1   | Killed a seven-headed hydra
 19371 | Lair:2   | Noticed Harold
 19390 | Lair:2   | Killed Harold
 19390 | Lair:2   | Reached skill level 16 in Polearms
 19625 | Lair:2   | Reached skill level 10 in Dodging
 19660 | Lair:2   | Found a staircase to the Snake Pit.
 19896 | Lair:3   | Learned a level 2 spell: Blink
 20007 | Lair:3   | Found a staircase to the Swamp.
 20022 | Lair:3   | Reached skill level 1 in Armour
 20311 | Lair:3   | Found the +3 robe of Folly {Archmagi, MR-- Int+5}
 20618 | Lair:4   | Noticed a seven-headed hydra
 20867 | Lair:4   | Noticed a five-headed hydra
 20890 | Lair:4   | Reached skill level 1 in Translocations
 20898 | Lair:4   | Reached ***** piety under Fedhas
 21642 | Lair:4   | Killed a seven-headed hydra
 22039 | Lair:5   | Noticed a death yak
 22058 | Lair:4   | Killed a death yak
 22058 | Lair:4   | Reached skill level 1 in Invocations
 22058 | Lair:4   | Reached XP level 13. HP: 72/106 MP: 3/18
 22106 | Lair:4   | Reached skill level 1 in Evocations
 22391 | Lair:5   | Found a viscous altar of Jiyva.
 22392 | Lair:5   | Found a staircase to the Slime Pits.
 22775 | Lair:6   | Entered Level 6 of the Lair of Beasts
 24516 | Lair:6   | Reached skill level 5 in Invocations
 24556 | Lair:6   | Learned a level 3 spell: Regeneration
 24760 | Lair:6   | Reached skill level 1 in Necromancy
 24796 | Lair:6   | Reached skill level 5 in Evocations
 25049 | Lair:6   | Reached skill level 5 in Armour
 25056 | Lair:6   | Reached XP level 14. HP: 89/113 MP: 10/20
 26012 | Orc:1    | Entered Level 1 of the Orcish Mines
 26121 | Orc:1    | Noticed an orc warlord
 26874 | D:10     | Noticed an emperor scorpion
 26874 | D:10     | an orc warlord changed into an emperor scorpion
 29050 | Orc:2    | Entered Level 2 of the Orcish Mines
 30001 | Orc:2    | Found a staircase to the Elven Halls.
 31079 | Orc:2    | Reached skill level 5 in Necromancy
 31817 | Orc:2    | Found Itubb's Antique Weapon Shoppe.
 31817 | Orc:2    | Found Ruchacsoseh's Jewellery Shoppe.
 31818 | Orc:2    | Found Taplopsa's Magic Scroll Shoppe.
 31818 | Orc:2    | Found Idghourch's Distillery.
 31832 | Orc:2    | Bought the ring "Xick" {rCorr rPois rF+ Int+4 Dex-3 Stlth+} for 560 gold pieces
 31838 | Orc:2    | Bought a cursed -5 ring of intelligence for 26 gold pieces
 31838 | Orc:2    | Bought a cursed ring of loudness for 58 gold pieces
 31843 | Orc:2    | Bought a potion of curing for 33 gold pieces
 31843 | Orc:2    | Bought a potion of magic for 88 gold pieces
 31845 | Orc:2    | Bought a scroll of magic mapping for 42 gold pieces
 31845 | Orc:2    | Bought a scroll of magic mapping for 42 gold pieces
 31845 | Orc:2    | Bought a scroll of blinking for 90 gold pieces
 31845 | Orc:2    | Bought a scroll of identify for 24 gold pieces
 31845 | Orc:2    | Bought a scroll of teleportation for 36 gold pieces
 31845 | Orc:2    | Bought 3 scrolls of identify for 72 gold pieces
 31845 | Orc:2    | Bought a scroll of identify for 24 gold pieces
 31856 | Orc:2    | Learned a level 5 spell: Borgnjor's Vile Clutch
 32324 | D:12     | Reached skill level 1 in Earth Magic
 32689 | D:12     | Found a roughly hewn altar of Beogh.
 33246 | D:13     | Found a gate to the Vaults.
 33255 | D:13     | Reached XP level 15. HP: 99/118 MP: 11/22
 33665 | D:12     | Reached skill level 5 in Spellcasting
 34198 | D:13     | Learned a level 4 spell: Summon Lightning Spire
 34835 | D:14     | Reached skill level 1 in Air Magic
 34888 | D:14     | Found Jummimio's Food Shoppe.
 34893 | D:14     | Found a shadowy altar of Dithmenos.
 35022 | D:14     | Found a deep blue altar of Sif Muna.
 35035 | D:13     | Reached ****** piety under Fedhas
 35656 | D:15     | Entered Level 15 of the Dungeon
 36732 | D:15     | Found a staircase to the Depths.
 37135 | D:15     | Reached skill level 5 in Earth Magic
 37721 | Swamp:1  | Entered Level 1 of the Swamp
 37759 | Swamp:1  | Reached XP level 16. HP: 118/125 MP: 26/26
 38223 | Swamp:2  | Found a white marble altar of Elyvilon.
 38346 | Swamp:2  | Reached skill level 5 in Air Magic
 39638 | Swamp:3  | Noticed a thorn hunter
 39732 | Swamp:3  | Noticed a thorn hunter
 40206 | Swamp:3  | Noticed Aizul
 40220 | Swamp:3  | Killed Aizul
 40687 | Swamp:4  | Entered Level 4 of the Swamp
 41161 | Swamp:4  | Killed a thorn hunter
 42123 | Swamp:4  | Got a decaying rune of Zot
 42301 | Snake:1  | Entered Level 1 of the Snake Pit
 42711 | Snake:1  | Noticed Nikola
 42720 | Snake:1  | Killed Nikola
 42750 | Snake:1  | Reached XP level 17. HP: 46/131 MP: 29/29
 44257 | Snake:2  | Reached skill level 10 in Invocations
 45480 | Snake:3  | Noticed Vashnia
 46840 | Snake:3  | Killed Vashnia
 46840 | Snake:3  | Reached skill level 10 in Evocations
 48514 | Snake:4  | Entered Level 4 of the Snake Pit
 48832 | Snake:4  | Found a burning altar of Makhleb.
 49472 | Snake:4  | Reached XP level 18. HP: 102/138 MP: 24/30
 51552 | Snake:4  | Got a serpentine rune of Zot
 51948 | Elf:1    | Entered Level 1 of the Elven Halls
 53014 | Elf:1    | Got an ancient copper ring
 53015 | Elf:1    | Identified the ring of Xom's Full Attention {+Inv rF- Dex-3 SInv Stlth-} (You found it on level 1 of the Elven Halls)
 53045 | Elf:1    | Reached skill level 17 in Polearms
 53224 | Elf:2    | Found Ruskual's Assorted Antiques.
 53244 | Elf:2    | Bought a potion of haste for 250 gold pieces
 53244 | Elf:2    | Bought a potion of curing for 75 gold pieces
 53318 | Elf:2    | Found Finirpho's Assorted Antiques.
 53329 | Elf:2    | Bought a wand of digging (17) for 240 gold pieces
 53377 | Elf:2    | Found Ofeor's Food Emporium.
 53441 | Elf:2    | Found Kevvonli's Antique Armour Emporium.
 53444 | Elf:2    | Bought a pair of runed gloves for 292 gold pieces
 53444 | Elf:2    | Bought a glowing robe for 144 gold pieces
 53491 | Elf:2    | Found Wapo Jack's Weapon Emporium.
 53569 | Elf:2    | Found a large runed door.
 53569 | Elf:2    | Found a large runed door.
 53599 | Elf:2    | Found a large runed door.
 53599 | Elf:2    | Found a large runed door.
 53847 | Elf:2    | Found Aeshrot's Alliterative Accessories.
 53855 | Elf:2    | Bought a wand of acid (6) for 280 gold pieces
 54022 | Elf:3    | Entered Level 3 of the Elven Halls
 54136 | Elf:3    | Reached skill level 10 in Earth Magic
 54210 | Elf:3    | Reached skill level 10 in Necromancy
 54333 | Elf:3    | Reached XP level 19. HP: 114/143 MP: 23/31
 54750 | Elf:3    | Reached skill level 18 in Polearms
 55033 | Elf:3    | Reached skill level 19 in Polearms
 55364 | Elf:3    | Got a sparkling jade ring
 55365 | Elf:3    | Identified the ring "Gayp" {rC+ SInv} (You took it off a deep elf mage on level 3 of the Elven Halls)
 55368 | Elf:3    | Identified the +1 robe of the Hidden Yaks {MR+ Str+3 Dex+7} (You took it off a deep elf mage on level 3 of the Elven Halls)
 55580 | Elf:3    | Shot with an arrow by a deep elf master archer

Skill      XL: |  1  2  3  4  5  6  7  8  9 10 11 12 13 14 15 16 17 18 19 |
---------------+----------------------------------------------------------+-----
Polearms       | 1 2 3 4 9 12 14 16 17 19 | 19.2
Ice Magic      | 4 5 7 8 |  8.0
Charms         | 1 2 3 4 5 6 |  6.0
Summonings     | 2 3 5 7 8 |  8.0
Fighting       | 1 6 9 11 | 11.0
Dodging        | 7 10 13 | 13.1
Armour         | 2 5 |  5.0
Translocations | 2 4 |  4.0
Spellcasting   | 3 4 7 8 |  8.0
Invocations    | 1 6 9 12 | 12.0
Evocations     | 5 8 11 12 | 12.0
Necromancy     | 2 5 7 8 10 | 10.0
Earth Magic    | 2 5 7 8 10 | 10.0
Air Magic      | 4 6 |  6.2
Stealth        | |  2.1
Conjurations   | |  0.7

Action                   |  1- 3 |  4- 6 |  7- 9 | 10-12 | 13-15 | 16-18 | 19-21 || total
-------------------------+-------+-------+-------+-------+-------+-------+-------++-------
Melee: Spear             |    59 |   257 |   270 |   450 |       |       |       ||  1036
       Tailslap          |       |     3 |       |       |     1 |    13 |       ||    17
       Trident           |       |       |    63 |     4 |     2 |    42 |       ||   111
       Halberd           |       |       |    86 |   163 |       |       |       ||   249
       Bardiche          |       |       |       |   219 |  1081 |  1215 |    69 ||  2584
 Cast: Freeze            |    32 |    65 |    35 |     1 |     7 |     1 |       ||   141
       Summon Ice Beast  |       |     2 |    35 |   112 |   145 |    24 |       ||   318
       Ozocubu's Armour  |       |       |    21 |    59 |   101 |   103 |     8 ||   292
       Blink             |       |       |       |     1 |     1 |     4 |       ||     6
       Regeneration      |       |       |       |       |    17 |    74 |     8 ||    99
       Borgnjor's Vile C |       |       |       |       |       |    68 |    33 ||   101
       Summon Lightning  |       |       |       |       |       |    67 |     1 ||    68
Invok: Fungal Bloom      |       |       |    17 |    59 |    69 |   104 |     1 ||   250
       Evolution         |       |       |       |     7 |    10 |     5 |       ||    22
 Abil: Evoke Invisibilit |       |       |       |       |       |       |     4 ||     4
Evoke: Wand              |       |       |       |     3 |    24 |    32 |    14 ||    73
       Phial of floods   |       |       |       |       |     1 |       |       ||     1
  Use: Scroll            |       |    11 |    10 |    15 |     9 |    10 |     5 ||    60
       Potion            |       |     1 |       |     2 |     1 |    11 |     6 ||    21
 Stab: Sleeping          |     7 |     5 |     4 |    10 |    10 |    12 |     1 ||    49
       Distracted        |       |       |     4 |    14 |    12 |    26 |       ||    56
       Confused          |       |       |       |     2 |     5 |       |       ||     7
       Invisible         |       |       |       |       |       |     6 |     6 ||    12
  Eat: Chunk             |     2 |    12 |    28 |    38 |    66 |    49 |     6 ||   201
       Ration            |       |       |     2 |     9 |     8 |     7 |     3 ||    29
Armor: Robe              |    18 |    43 |    90 |   125 |   218 |   381 |    28 ||   903
Dodge: Dodged            |    31 |   155 |   350 |   612 |   993 |  1336 |    82 ||  3559

Action                   |  1- 3 |  4- 6 |  7- 9 | 10-12 | 13-15 | 16-18 | 19-21 || total
-------------------------+-------+-------+-------+-------+-------+-------+-------++-------
Melee: Spear             |    59 |   257 |   270 |   450 |       |       |       ||  1036
       Tailslap          |       |     3 |       |       |     1 |    13 |       ||    17
       Trident           |       |       |    63 |     4 |     2 |    42 |       ||   111
       Halberd           |       |       |    86 |   163 |       |       |       ||   249
       Bardiche          |       |       |       |   219 |  1081 |  1215 |    69 ||  2584
 Cast: Freeze            |    32 |    65 |    35 |     1 |     7 |     1 |       ||   141
       Summon Ice Beast  |       |     2 |    35 |   112 |   145 |    24 |       ||   318
       Ozocubu's Armour  |       |       |    21 |    59 |   101 |   103 |     8 ||   292
       Blink             |       |       |       |     1 |     1 |     4 |       ||     6
       Regeneration      |       |       |       |       |    17 |    74 |     8 ||    99
       Borgnjor's Vile C |       |       |       |       |       |    68 |    33 ||   101
       Summon Lightning  |       |       |       |       |       |    67 |     1 ||    68
Invok: Fungal Bloom      |       |       |    17 |    59 |    69 |   104 |     1 ||   250
       Evolution         |       |       |       |     7 |    10 |     5 |       ||    22
 Abil: Evoke Invisibilit |       |       |       |       |       |       |     4 ||     4
Evoke: Wand              |       |       |       |     3 |    24 |    32 |    14 ||    73
       Phial of floods   |       |       |       |       |     1 |       |       ||     1
  Use: Scroll            |       |    11 |    10 |    15 |     9 |    10 |     5 ||    60
       Potion            |       |     1 |       |     2 |     1 |    11 |     6 ||    21
 Stab: Sleeping          |     7 |     5 |     4 |    10 |    10 |    12 |     1 ||    49
       Distracted        |       |       |     4 |    14 |    12 |    26 |       ||    56
       Confused          |       |       |       |     2 |     5 |       |       ||     7
       Invisible         |       |       |       |       |       |     6 |     6 ||    12
  Eat: Chunk             |     2 |    12 |    28 |    38 |    66 |    49 |     6 ||   201
       Ration            |       |       |     2 |     9 |     8 |     7 |     3 ||    29
Armor: Robe              |    18 |    43 |    90 |   125 |   218 |   381 |    28 ||   903
Dodge: Dodged            |    31 |   155 |   350 |   612 |   993 |  1336 |    82 ||  3559
